 Dungeon Crawl Stone Soup version 0.28.0 (webtiles) character file.

Game seed: 9186991281246033266

1544 boopmooplesden the Carver (level 8, -4/71 HPs)
             Began as a Minotaur Fighter on Feb 4, 2022.
             Hit by a boomerang thrown by an orc warrior (6 damage)
             ... on level 6 of the Dungeon.
             The game lasted 00:09:35 (5467 turns).

boopmooplesden the Carver (Minotaur Fighter)        Turns: 5467, Time: 00:09:36

Health: -4/71      AC: 13    Str: 22    XL:     8   Next: 56%
Magic:  7/7        EV:  9    Int:  5    God:
Gold:   289        SH:  6    Dex: 17    Spells: 7/7 levels left

rFire   . . .      SeeInvis .   a - +0 long sword
rCold   . . .      Faith    .   c - +0 buckler
rNeg    . . .      Spirit   .   f - +0 chain mail
rPois   .          Reflect  .   s - +2 hat
rElec   .          Harm     .   (no cloak)
rCorr   .          Rampage  .   (no gloves)
Will    .....                   u - +0 pair of boots
Stlth   ..........              (no amulet)
HPRegen 0.21/turn               m - +6 ring of dexterity
MPRegen 0.10/turn               (no ring)

@: no status effects
A: horns 2, retaliatory headbutt
a: no special abilities


You were on level 6 of the Dungeon.
You visited 1 branch of the dungeon, and saw 6 of its levels.

You collected 289 gold pieces.

Inventory:

Hand Weapons
 a - a +0 long sword (weapon)
 o - a +1 flail of protection
Missiles
 j - a throwing net (quivered)
Armour
 b - a +0 scale mail
 c - a +0 buckler (worn)
 f - a +0 chain mail (worn)
 s - a +2 hat (worn)
 u - a +0 pair of boots (worn)
Jewellery
 m - a +6 ring of dexterity (left hand)
Scrolls
 e - 6 scrolls of identify
 g - a scroll of blinking {unknown}
 i - a scroll of immolation {unknown}
 l - a scroll of enchant armour {unknown}
 n - 2 scrolls of summoning {unknown}
 p - a scroll of fear {unknown}
 v - a scroll of vulnerability {unknown}
 w - a scroll of amnesia {unknown}
Potions
 d - 2 potions of might
 h - 2 potions of attraction
 k - 2 potions of berserk rage {unknown}
 q - 2 potions of curing
 r - a potion of magic {unknown}
 t - 2 potions of brilliance {unknown}


   Skills:
 + Level 6.8 Fighting
 + Level 8.4 Long Blades
 + Level 0.1 Throwing
 + Level 6.4 Armour
 + Level 3.0 Dodging
 + Level 1.5 Stealth
 + Level 5.6 Shields


You had 7 spell levels left.
You didn't know any spells.
Your spell library contained the following spells:

 Spells                   Type           Power      Damage    Failure   Level
 Animate Skeleton         Necr           0%         N/A       99%         1
 Pain                     Necr           0%         1d4       99%         1
 Shock                    Conj/Air       0%         1d3       99%         1
 Sting                    Tmut/Pois      0%         1d3       99%         1
 Poisonous Vapours        Pois/Air       0%         N/A       100%        2
 Swiftness                Air            0%         N/A       100%        3
 Tukima's Dance           Hex            0%         N/A       100%        3
 Vampiric Draining        Necr           0%         2d6       100%        3
 Airstrike                Air            0%         N/A       100%        4
 Olgreb's Toxic Radiance  Pois           0%         N/A       100%        4
 Passage of Golubria      Tloc           0%         N/A       100%        4
 Yara's Violent Unravell  Hex/Tmut       0%         3d3       100%        5


Dungeon Overview and Level Annotations

Branches:
Dungeon (6/15)             Temple (0/1) D:6

Altars:
Dithmenos
Xom

Annotations:
D:3 1 runed translucent door


Innate Abilities, Weirdness & Mutations

You have a pair of horns on your head.
You reflexively headbutt those who attack you in melee.


Message History

You block the iguana's attack.
You hit the iguana but do no damage. You headbutt the iguana!
The iguana is heavily wounded.
The iguana barely misses you. You furiously retaliate!
You headbutt the iguana, but do no damage.
You barely miss the iguana.
You headbutt the iguana, but do no damage.
The iguana is heavily wounded.
The iguana closely misses you. You furiously retaliate!
You headbutt the iguana!
You kill the iguana!
The orc warrior throws a boomerang.
The boomerang hits you but does no damage.
You see here an iguana corpse.
The orc warrior throws a boomerang.
You block the boomerang.
The orc warrior throws a boomerang.
The boomerang hits you.
* * * LOW HITPOINT WARNING * * *
Items here: (( ))))))) [ ††.
The orc warrior throws a boomerang.
The boomerang barely misses you.
Items here: ( ))) †.
The orc warrior throws a boomerang.
The boomerang barely misses you.
Items here: (( ))) †.
Found 28 bolts.
e - 6 scrolls of identify (gained 1)
w - a scroll labelled ZIDYCI FESOSO The orc warrior throws a boomerang.
The boomerang hits you!
* * * LOW HITPOINT WARNING * * *
There is an escape hatch in the floor here.
The orc warrior throws a boomerang.
The boomerang hits you but does no damage.
You hear the rusting of a very distant drain.
Something unseen opens the door.
There is an open door here.
The orc warrior throws a boomerang.
The boomerang hits you!
* * * LOW HITPOINT WARNING * * *
There is an open door here.
Things that are here:
a +0 club; a +0 robe; an orc corpse The orc warrior throws a boomerang.
The boomerang hits you.
You die...

######.+.....÷.'.#.###.#
#......#.#...#.###.# .[..
#.####.#.#._.#.# #.####### #)#
#.#.#...#.# #.# #)#
#.+.......+.#.# ###)#
#.####o####.#.### ≈ #...#
#.##...##..$....## .^≈ ###.#
#....)).+.....#.(# .≈≈.^#.o##
#....@####...# #.# _^.._⌠...#
#.....## #.⌠.# #.#
..≈__###.###......###^..###.#####
..≈≈# #..##.....................
.≈^# ##†##.......⌠..>..⌠.######
⌠## #.##.###...........#
#.##......###...####
######.######..# #.⌠.# .........#
#..# #...#


You could see an orc warrior.

Vanquished Creatures
  Edmund (D:5)
  A water moccasin (D:6)
  A sky beast (D:6)
  A black bear (D:6)
  An ogre (D:3)
  The ghost of adizb the Slasher, an amateur HuGl (D:4)
  2 phantoms
  A kobold brigand (D:6)
  A bullfrog (D:6)
  Blork the orc (D:5)
  A howler monkey (D:4)
  2 bullfrog skeletons
  A hound (D:5)
  4 orc priests (D:6)
  2 iguanas
  3 orc wizards
  A hound skeleton (D:4)
  Robin (D:2)
  A gnoll (D:2)
  6 adders
  2 adder skeletons (D:4)
  A worm (D:3)
  A dart slug (D:1)
  21 orcs
  6 ball pythons
  3 endoplasms
  5 giant cockroaches
  19 goblins
  14 hobgoblins
  3 jackals (D:1)
  13 kobolds
  4 quokkas
  9 bats
  4 frilled lizards
  6 rats
144 creatures vanquished.

Notes
Turn   | Place    | Note
-------+----------+-------------------------------------------
     0 | D:1      | boopmooplesden the Minotaur Fighter began the quest for the
                  | Orb.
     0 | D:1      | Reached XP level 1. HP: 19/19 MP: 0/0
   208 | D:1      | Reached XP level 2. HP: 27/27 MP: 1/1
   675 | D:1      | Reached XP level 3. HP: 30/33 MP: 2/2
  1162 | D:2      | Noticed Robin
  1185 | D:2      | Killed Robin
  1186 | D:2      | Reached skill level 3 in Long Blades
  1556 | D:2      | Reached XP level 4. HP: 35/41 MP: 3/3
  1877 | D:2      | Reached skill level 1 in Dodging
  2322 | D:3      | Found a runed translucent door.
  2328 | D:3      | Noticed adizb's ghost (amateur HuGl)
  2470 | D:4      | HP: 2/41 [ball python (1)]
  2477 | D:4      | HP: 1/41 [ball python (1)]
  2492 | D:3      | HP: 1/41 [worm (2)]
  2815 | D:3      | Found a runed translucent door.
  2935 | D:3      | Reached XP level 5. HP: 47/47 MP: 4/4
  2993 | D:3      | Noticed an ogre
  3111 | D:3      | Killed an ogre
  3112 | D:3      | Reached skill level 4 in Long Blades
  3121 | D:3      | Reached skill level 5 in Fighting
  3163 | D:3      | Reached XP level 6. HP: 34/56 MP: 5/5
  3377 | D:3      | Found a faded altar of an unknown god.
  3393 | D:3      | Reached skill level 5 in Long Blades
  3393 | D:3      | Reached skill level 5 in Armour
  3956 | D:4      | Reached skill level 6 in Long Blades
  4126 | D:4      | Killed adizb's ghost
  4127 | D:4      | Reached XP level 7. HP: 46/61 MP: 6/6
  4329 | D:5      | Entered Level 5 of the Dungeon
  4353 | D:5      | Noticed Edmund
  4369 | D:5      | Killed Edmund
  4566 | D:5      | Reached skill level 5 in Shields
  4638 | D:5      | Noticed Blork the orc
  4645 | D:5      | Killed Blork the orc
  4646 | D:5      | Reached skill level 7 in Long Blades
  5204 | D:6      | Reached XP level 8. HP: 27/70 MP: 7/7
  5208 | D:6      | Reached skill level 1 in Stealth
  5249 | D:6      | Found a shadowy altar of Dithmenos.
  5303 | D:6      | Found a staircase to the Ecumenical Temple.
  5384 | D:6      | Reached skill level 8 in Long Blades
  5411 | D:6      | Found a shimmering altar of Xom.
  5412 | D:6      | Found a shimmering altar of Xom.
  5412 | D:6      | Found a shimmering altar of Xom.
  5413 | D:6      | Found a shimmering altar of Xom.
  5459 | D:6      | HP: 1/71 [orc warrior/boomerang (10)]
  5467 | D:6      | Hit by a boomerang thrown by an orc warrior

Illustrated notes

Levels and vault maps discovered:
D:1:      co_arrival_square_in_a_square_in_a_square, layout_basic
D:2:      layout_basic, minmay_fractal_squares_5, uniq_robin
D:3:      layout_rooms, ebering_ghost_sewer_f, basic_ecumenical_altar,
          minmay_ogre_servants
D:4:      layout_loops_cross
D:5:      layout_rooms, bh_walls_and_bars, uniq_edmund, uniq_blork_the_orc
D:6:      layout_basic, nzn_overflow_gifts_of_might_and_magic, xom_redecorated,
          mainiacjoe_overflow_six_doors_small, minmay_temple_entry_junction,
          cheibrodos_sewer_entry_sluice

Skill      XL: |  1  2  3  4  5  6  7  8 |
---------------+-------------------------+-----
Fighting       | 4 5 6 |  6.8
Shields        | 4 5 |  5.6
Armour         | 4 5 6 |  6.4
Long Blades    | 3 4 6 7 8 |  8.4
Dodging        | 1 2 3 |  3.0
Stealth        | 1 |  1.5
Throwing       | |  0.1

Action                   |  1- 3 |  4- 6 |  7- 9 || total
-------------------------+-------+-------+-------++-------
Melee: Long sword        |    91 |   159 |   115 ||   365
       Headbutt          |    10 |    28 |    29 ||    67
Throw: Throwing net      |       |       |     1 ||     1
  Use: Scroll            |     4 |     2 |       ||     6
       Potion            |     1 |     1 |       ||     2
 Stab: Held in net/web   |       |       |     1 ||     1
Armor: Scale mail        |    61 |    63 |     5 ||   129
       Chain mail        |       |       |    49 ||    49
Dodge: Dodged            |    66 |    65 |    41 ||   172
Block: Buckler           |    22 |    41 |    37 ||   100
